 Dungeon Crawl Stone Soup version 0.26.1-11-gd32895ea62 (webtiles) character file.

Game seed: 12469610325011361868

161 Zeld the Sneak (level 5, -2/25 HPs)
             Began as a Spriggan Brigand on June 4, 2021.
             Was an Initiate of Fedhas.
             Killed by nerve-wracking pain
             ... invoked by Menkaure
              (5 damage)
             ... on level 3 of the Dungeon.
             The game lasted 00:07:17 (8332 turns).

Zeld the Sneak (Spriggan Brigand)                   Turns: 8332, Time: 00:07:17

Health: -2/25      AC:  3    Str:  7    XL:     5   Next: 19%
Magic:  6/6        EV: 17    Int: 12    God:    Fedhas [......]
Gold:   135        SH:  0    Dex: 19    Spells: 4/4 levels left

rFire    . . .     SeeInvis +   a - +2 dagger
rCold    . . .     Faith    .   (shield restricted)
rNeg     . . .     Spirit   .   b - +0 robe
rPois    .         Reflect  .   (helmet restricted)
rElec    .         Harm     .   c - +0 cloak
rCorr    .         Rampage  .   (gloves unavailable)
Will     .....                  (boots unavailable)
Stlth    +++.......             (no amulet)
HPRegen  0.08/turn              (no ring)
MPRegen  0.10/turn              (no ring)

@: very quick
A: very small, unfitting armour, see invisible, speed 3
a: Renounce Religion


You were on level 3 of the Dungeon.
You worshipped Fedhas.
Fedhas was noncommittal.
You visited 2 branches of the dungeon, and saw 5 of its levels.

You collected 135 gold pieces.

Inventory:

Hand Weapons
 a - a +2 dagger (weapon)
Missiles
 d - 8 poisoned darts (quivered)
 e - 2 curare-tipped darts
Armour
 b - a +0 robe (worn)
 c - a +0 cloak (worn)
Jewellery
 t - an uncursed ring of stealth {unknown}
Wands
 q - a wand of random effects (10)
 r - a wand of polymorph (1)
Scrolls
 g - 4 scrolls of remove curse {unknown}
 h - a scroll of random uselessness {unknown}
 i - 2 scrolls of fear {unknown}
 k - a scroll of enchant armour {unknown}
 l - a scroll of fog {unknown}
 m - 4 scrolls of identify {unknown}
 n - a scroll of enchant weapon {unknown}
Potions
 f - a potion of degeneration {unknown}
 j - 2 potions of lignification {unknown}
 o - 2 potions of curing {unknown}
 p - a potion of might {unknown}
 s - a potion of cancellation {unknown}
 u - a potion of invisibility {unknown}
 v - a potion of heal wounds {unknown}


   Skills:
 - Level 1.5 Fighting
 * Level 4.5 Short Blades
 * Level 4.1 Throwing
 - Level 1.5 Dodging
 - Level 5.8 Stealth


You had 4 spell levels left.
You didn't know any spells.
Your spell library was empty.

Dungeon Overview and Level Annotations

Branches:
Dungeon (4/15)             Temple (1/1) D:4

Altars:
Ashenzari
Fedhas
Gozag
Makhleb
Nemelex Xobeh
Okawaru
Qazlal
Trog
Xom
Yredelemnul
Zin

Annotations:
D:3 Grinder; Menkaure
D:4 1 runed translucent door, Happyhead's ghost, amateur DrCj


Innate Abilities, Weirdness & Mutations

You are very small and have problems with some larger weapons.
You are too small for most types of armour.
You have supernaturally acute eyesight. (SInv)
You cover ground extremely quickly.


Message History

Done waiting.
You start waiting.
Done waiting.
You start waiting.
Done waiting.
You climb downwards.
Level annotation: 1 runed translucent door, Happyhead's ghost, amateur DrCj; Menkaure
There is a stone staircase leading up here.
You completely miss Menkaure. Menkaure hits you!!
Ouch! That really hurt!
* * * LOW HITPOINT WARNING * * *
You are too injured to fight recklessly!
You are too injured to fight recklessly!
You climb upwards.
Level annotation: Grinder
There is a stone staircase leading down here.
Menkaure points at you and mumbles some strange words.
Pain shoots through your body!
You die...
Fedhas appreciates your contribution to the ecosystem.

#.#############.#
#...........# #.#
###########.# #.# ######
#.# #.#
#....#####.###.######
#.##.##..............
#.##.......###.......
#.#####.#############
#.#.@..M.............
####.#.##############...
#[...#.# #.## #.####.#
#.## #.# ##'###### #...
#.# #.......# #### #.#
#.......# # #.#
#.......# # #.#
#.......# #


You could see Menkaure.

Vanquished Creatures
  Robin (D:3)
  6 adders
  2 oozes (D:1)
  3 worms
  2 dart slugs (D:1)
  4 leopard geckos
  An orc (D:4)
  8 bats
  4 giant cockroaches
  5 hobgoblins
  8 jackals
  A quokka (D:3)
  2 frilled lizards
  12 goblins
  4 kobolds
  10 rats
73 creatures vanquished.

Notes
Turn   | Place    | Note
-------+----------+-------------------------------------------
     0 | D:1      | Zeld the Spriggan Brigand began the quest for the Orb.
     0 | D:1      | Reached XP level 1. HP: 10/10 MP: 2/2
     1 | D:1      | Found a runed translucent door.
   352 | D:1      | Reached XP level 2. HP: 8/14 MP: 3/3
  1528 | D:1      | Reached XP level 3. HP: 18/18 MP: 4/4
  3210 | D:2      | Reached XP level 4. HP: 22/22 MP: 5/5
  3931 | D:2      | You fall into a shaft and drop 2 floors!
  3937 | D:4      | Found a staircase to the Ecumenical Temple.
  3949 | Temple   | Entered the Ecumenical Temple
  4194 | Temple   | Became a worshipper of Fedhas Madash
  4298 | D:4      | Noticed Happyhead's ghost (amateur DrCj)
  4313 | D:4      | Found a runed translucent door.
  4469 | D:3      | Noticed Grinder
  6299 | D:3      | Noticed Robin
  6355 | D:3      | Reached XP level 5. HP: 19/25 MP: 6/6
  6415 | D:3      | Killed Robin
  6933 | D:4      | Found a blossoming altar of Fedhas.
  6949 | D:4      | Reached * piety under Fedhas
  6994 | D:4      | Noticed Menkaure
  8332 | D:3      | Killed from afar by Menkaure

Illustrated notes

Levels and vault maps discovered:
D:1:      dpeg_arrival_caged_fury, layout_basic, ebering_dispersal_statue_hall
D:2:      layout_basic
D:3:      layout_basic, uniq_grinder, uniq_robin
D:4:      layout_rooms, minmay_temple_entry_wispy,
          hellmonk_ghost_happy_afterlife, minmay_statues_item, fedhas_altar_3,
          uniq_menkaure
Temple:   grunt_temple_mini_profane

Skill      XL: |  1  2  3  4  5 |
---------------+----------------+-----
Short Blades   | 3 4 |  4.5
Throwing       | 3 4 |  4.1
Fighting       | |  1.5
Dodging        | |  1.5
Stealth        | |  5.8

Action                   |  1- 3 |  4- 6 || total
-------------------------+-------+-------++-------
Melee: Dagger            |   174 |   142 ||   316
       Unarmed           |       |     2 ||     2
 Stab: Sleeping          |     6 |    14 ||    20
       Distracted        |     1 |     1 ||     2
Armor: Robe              |    19 |    13 ||    32
Dodge: Dodged            |   119 |    90 ||   209
